 Dungeon Crawl Stone Soup version 0.27-a0-46-g34d46f0a3f (webtiles) character file.

Game seed: 10979235030989189991

55782 sahdkjhfkaj the Cleaver (level 14, -13/129 HPs)
             Began as a Deep Dwarf Arcane Marksman on Jan 6, 2021.
             Was the Champion of Makhleb.
             Mangled by an orc warlord
             ... wielding a +4 bardiche
              (42 damage)
             ... in a bailey.
             The game lasted 00:41:49 (18718 turns).

sahdkjhfkaj the Cleaver (DDAM)                     Turns: 18718, Time: 00:41:49

Health: -13/129    AC: 16    Str: 25    XL:     14   Next: 39%
Magic:  0/0        EV: 12    Int: 16    God:    Makhleb [******]
Gold:   1410       SH: 25    Dex: 18    Spells: 15/15 levels left

rFire    . . .     SeeInvis +   a - +3 war axe
rCold    . . .     Faith    .   C - +0 tower shield
rNeg     + . .     Spirit   .   o - +1 chain mail of Pragmatism {*Drain +Fly rPois Int+2} (curse)
rPois    +         Reflect  +   c - +0 helmet of Cupsyss {Dex+2}
rElec    .         Harm     .   (no cloak)
rCorr    .         Rampage  .   g - +0 pair of gloves {Dex+3}
Will     ++...                  Q - +0 pair of boots (curse)
Stlth    ..........             D - amulet of reflection
HPRegen  0.00/turn              q - +6 ring of strength
MPRegen  0.07/turn              I - ring of see invisible

@: non-regenerating
A: damage resistance, heal wounds, negative energy resistance 1, sense
surroundings 2, no regeneration
a: Heal Wounds, Renounce Religion, Evoke Flight, Minor Destruction, Lesser
Servant of Makhleb, Major Destruction, Greater Servant of Makhleb


You were in a bailey.
You worshipped Makhleb.
Makhleb was exalted by your worship.
You visited 3 branches of the dungeon, and saw 19 of its levels.
You also visited: Bailey and Gauntlet.

You collected 1473 gold pieces.
You spent 63 gold pieces at shops.

Inventory:

Hand Weapons
 a - a +3 war axe (weapon)
 b - the +2 Maxwell's thermic engine {flame, freeze}
   (You took it off a minotaur in a Gauntlet)

   It has been specially enchanted to burn those struck by it, causing extra
   injury to most foes and up to half again as much damage against particularly
   susceptible opponents.
   Big, fiery blades are also staple armaments of hydra-hunters.
   It has been specially enchanted to freeze those struck by it, causing extra
   injury to most foes and up to half again as much damage against particularly
   susceptible opponents.
Armour
 c - the +0 helmet of Cupsyss (worn) {Dex+2}
   (You found it on level 1 of the Lair of Beasts)

   It affects your dexterity (+2).
 g - a +0 pair of gloves of dexterity (worn)
 o - the cursed +1 chain mail of Pragmatism (worn) {*Drain +Fly rPois Int+2}
   (You found it on level 6 of the Lair of Beasts)

   It affects your intelligence (+2).
   It protects you from poison.
   It lets you fly.
   It causes draining when unequipped.
   It has a curse placed upon it.
 C - a +0 tower shield (worn)
 Q - a cursed +0 pair of boots (worn)
Jewellery
 q - a +6 ring of strength (left hand)
 D - an amulet of reflection (around neck)
 I - a ring of see invisible (right hand)
Wands
 h - a wand of digging (6)
 v - a wand of flame (11)
 F - a wand of paralysis (13)
 G - a wand of enslavement (23)
 H - a wand of random effects (9)
 J - a wand of iceblast (11)
 M - a wand of disintegration (16)
Scrolls
 e - 8 scrolls of remove curse
 f - a scroll of identify
 k - a scroll of summoning
 m - 3 scrolls of blinking
 n - 9 scrolls of teleportation
 s - 2 scrolls of immolation
 x - 2 scrolls of magic mapping
 y - 4 scrolls of fog
 A - 4 scrolls of enchant armour
 B - 4 scrolls of enchant weapon
 K - a scroll of holy word
 N - 2 scrolls of fear
Potions
 d - 2 potions of might
 i - 2 potions of haste
 j - a potion of heal wounds
 l - 2 potions of flight
 p - a potion of magic {unknown}
 r - 3 potions of invisibility
 t - 4 potions of attraction
 w - 8 potions of brilliance
 z - 2 potions of mutation
 E - a potion of curing
 L - a potion of berserk rage
Miscellaneous
 u - a lightning rod (1/4)
 O - a phantom mirror (inert)


   Skills:
 - Level 9.1 Fighting
 - Level 13.1 Axes
 - Level 2.1 Crossbows
 - Level 10.0 Armour
 - Level 9.9 Dodging
 - Level 12.3 Shields
 - Level 1.1 Spellcasting
 - Level 3.0 Hexes
 + Level 10.4 Invocations
 - Level 10.0 Evocations


You had 15 spell levels left.
You didn't know any spells.
Your spell library contained the following spells:

 Spells                   Type           Power        Failure   Level
 Corona                   Hex            11%          86%         1
 Slow                     Hex            10%          95%         2
 Apportation              Tloc           0%           99%         1
 Magic Dart               Conj           0%           99%         1
 Shock                    Conj/Air       0%           99%         1
 Sting                    Tmut/Pois      0%           99%         1
 Tukima's Dance           Hex            10%          99%         3
 Blink                    Tloc           N/A          100%        2
 Call Imp                 Summ           0%           100%        2
 Poisonous Vapours        Pois/Air       0%           100%        2
 Swiftness                Air            0%           100%        2
 Conjure Flame            Conj/Fire      0%           100%        3
 Ignite Poison            Fire/Tmut/Pois 0%           100%        3
 Inner Flame              Hex/Fire       5%           100%        3
 Lesser Beckoning         Tloc           0%           100%        3
 Mephitic Cloud           Conj/Pois/Air  0%           100%        3
 Portal Projectile        Hex/Tloc       10%          100%        3
 Static Discharge         Conj/Air       0%           100%        3
 Airstrike                Air            0%           100%        4
 Cause Fear               Hex            5%           100%        4
 Leda's Liquefaction      Hex/Erth       2%           100%        4
 Olgreb's Toxic Radiance  Pois           0%           100%        4
 Alistair's Intoxication  Tmut/Pois      0%           100%        5
 Lightning Bolt           Conj/Air       0%           100%        5
 Invisibility             Hex            10%          100%        6
 Malign Gateway           Summ/Tloc      0%           100%        7
 Monstrous Menagerie      Summ           0%           100%        7
 Summon Greater Demon     Summ           0%           100%        7
 Summon Horrible Things   Summ           0%           100%        8


Dungeon Overview and Level Annotations

Branches:
Dungeon (12/15)            Temple (1/1) D:5            Lair (6/6) D:11
  Swamp (0/4) Lair:3       Spider (0/4) Lair:4        Slime (0/5) Lair:5
    Orc (0/2) D:12         Bailey (1/1)             Gauntlet (visited)

Altars:
Ashenzari
Cheibriados
Dithmenos
Elyvilon
Fedhas
Gozag
Hepliaklqana
Kikubaaqudgha
Makhleb
Nemelex Xobeh
Okawaru
Qazlal
Ru
Sif Muna
Trog
Uskayaw
Vehumet
Wu Jian
Xom
Yredelemnul
Zin
The Shining One
Jiyva

Shops:
D:7 [

Annotations:
D:7 shadow


Innate Abilities, Weirdness & Mutations

You are resistant to damage.
You can heal yourself by infusing magical energy.
You resist negative energy. (rN+)
You passively map the area around you.
You do not regenerate.


Message History

The orc warlord is severely wounded.
You block the orc warlord's attack.
You slash the orc warlord!
The orc warlord is severely wounded.
You block the orc warlord's attack.
You barely miss the orc warlord.
The orc warlord is severely wounded.
You hit the orc warlord but do no damage.
The orc warlord is severely wounded.
You block the orc warlord's attack.
You slash the orc warlord!
The orc warlord is almost dead.
You hit the orc warlord.
The orc warlord is almost dead.
The orc warlord hits you with a +4 bardiche!!!
* * * LOW HITPOINT WARNING * * *
You hit the orc warlord but do no damage.
The orc warlord is almost dead.
The orc warlord hits you with a +4 bardiche!!!
You die...

####### ##..∩..## #.......#
##.......## #.........#
##.........##
#######.....⌠.....######
##.....##)).......##.....
#......)@o).......)).....
##......)##.......##).....
#.........#o......#.......
##.........##88.88##.......
#.....⌠.....###)###.....⌠..
##.........## .))###.......
#.........# oo.)..#.......
##.......##.......##......
#.......#...).....#......


You could see an orc warlord (strong).

Vanquished Creatures
  A minotaur (Gauntlet)
  3 dire elephants (Lair:6)
  Erolcha (D:11)
  3 catoblepae
  6 hydras
  5 two-headed ogres
  An anaconda (Lair:6)
  3 tengu warriors
  A queen ant (Lair:2)
  Pikel (D:7)
  A bog body (Lair:3)
  2 orc knights (Bailey)
  A wolf spider (Lair:4)
  13 elephants
  Maurice (D:9)
  5 black mambas
  12 cane toads
  A gargoyle (D:10)
  Maggie (D:10)
  5 komodo dragons
  An efreet (Gauntlet)
  A tengu conjurer (Gauntlet)
  Prince Ribbit (Temple)
  11 dream sheep
  13 blink frogs
  Sigmund (D:4)
  2 shadows (Gauntlet)
  3 wyverns
  18 yaks
  Eustachio (D:5)
  A human (D:8)
  4 basilisks
  3 fire elementals (Gauntlet)
  3 hogs (D:8)
  A vampire mosquito (D:11)
  13 water moccasins
  21 soldier ants
  Edmund (D:5)
  A hell hound (Gauntlet)
  16 orc warriors
  2 sky beasts
  A necrophage (D:7)
  2 ice beasts
  An eye of draining (D:11)
  4 black bears
  9 wolves
  4 ogres
  7 centaurs
  2 big kobolds (D:10)
  14 bullfrogs
  A wyvern skeleton (D:5)
  5 scorpions
  23 killer bees
  20 wights
  3 electric eels (Lair:4)
  2 centaur zombies
  2 quasits
  A bullfrog zombie (D:9)
  2 hounds
  2 jellies (D:5)
  12 orc priests
  9 orc wizards
  2 bullfrog skeletons (D:11)
  5 centaur skeletons
  8 iguanas
  Ijyb (D:5)
  24 worker ants
  A killer bee zombie (D:6)
  A hound skeleton (D:5)
  13 gnolls
  10 adders
  2 shadow imps
  2 white imps
  An ufetubus (D:7)
  An ooze (D:3)
  3 adder skeletons
  A worm (D:3)
  A dart slug (D:5)
  4 leopard geckos
  51 orcs
  6 giant cockroaches
  26 goblins
  20 hobgoblins
  8 jackals
  6 quokkas
  9 bats
  6 frilled lizards
  10 kobolds
  2 leopard gecko zombies
  4 rats
539 creatures vanquished.

Vanquished Creatures (collateral kills)
  3 dire elephants (Lair:6)
3 creatures vanquished.

Vanquished Creatures (others)
  An orc wizard (D:3)
  A demonic plant (Gauntlet)
  12 fungi
  49 plants
63 creatures vanquished.

Grand Total: 605 creatures vanquished

Notes
Turn   | Place    | Note
-------+----------+-------------------------------------------
     0 | D:1      | sahdkjhfkaj the Deep Dwarf Arcane Marksman began the quest
                  | for the Orb.
     0 | D:1      | Reached XP level 1. HP: 16/16 MP: 2/2
    99 | D:1      | Reached skill level 1 in Fighting
   446 | D:1      | Reached XP level 2. HP: 18/25 MP: 3/3
   854 | D:2      | Noticed an ogre
   862 | D:1      | HP: 1/26 [ogre/+0 giant club (15)]
   975 | D:1      | Killed an ogre
   976 | D:1      | Reached XP level 3. HP: 19/34 MP: 4/4
   976 | D:1      | Reached XP level 4. HP: 23/42 MP: 5/5
  2237 | D:3      | Reached XP level 5. HP: 40/50 MP: 5/5
  2310 | D:3      | Reached skill level 1 in Axes
  2918 | D:4      | Reached skill level 1 in Armour
  2979 | D:4      | Reached skill level 2 in Axes
  3254 | D:4      | Reached XP level 6. HP: 30/57 MP: 5/5
  3721 | D:4      | Noticed Sigmund
  3754 | D:4      | Killed Sigmund
  3755 | D:4      | Reached skill level 3 in Axes
  3946 | D:5      | Entered Level 5 of the Dungeon
  3980 | D:5      | Reached XP level 7. HP: 50/66 MP: 5/5
  4067 | D:5      | Reached skill level 4 in Axes
  4122 | D:5      | Noticed Eustachio
  4179 | D:5      | Killed Eustachio
  4282 | D:5      | Noticed Ijyb
  4316 | D:5      | Killed Ijyb
  4419 | D:5      | Reached skill level 5 in Axes
  4584 | D:5      | Found a staircase to the Ecumenical Temple.
  4585 | D:5      | Noticed Prince Ribbit
  4604 | Temple   | Entered the Ecumenical Temple
  4626 | Temple   | Killed Prince Ribbit
  4627 | Temple   | Reached skill level 5 in Fighting
  4627 | Temple   | Reached XP level 8. HP: 49/74 MP: 6/6
  4883 | Temple   | Became a worshipper of Makhleb the Destroyer
  4921 | D:5      | Noticed Edmund
  4947 | D:5      | Killed Edmund
  4947 | D:5      | HP: 3/74 [poisoned by Edmund]
  4948 | D:5      | Reached skill level 6 in Axes
  5392 | D:6      | Reached skill level 5 in Dodging
  5621 | D:6      | Reached skill level 7 in Axes
  5768 | D:6      | Reached skill level 5 in Armour
  5768 | D:6      | Gained mutation: You passively map the area around you.
                  | [Deep Dwarf growth]
  5768 | D:6      | Reached XP level 9. HP: 69/82 MP: 4/4
  6145 | D:6      | Reached skill level 1 in Evocations
  6355 | D:7      | Found Bafaink's Armour Boutique.
  6375 | D:7      | Bought a +0 tower shield for 63 gold pieces
  6399 | D:7      | Noticed Pikel
  6431 | D:7      | Killed Pikel
  6431 | D:7      | Reached * piety under Makhleb
  6432 | D:7      | Reached skill level 5 in Evocations
  6559 | D:7      | Reached skill level 5 in Shields
  6600 | D:7      | Reached skill level 1 in Invocations
  6685 | D:7      | HP: 4/82 [something (9)]
  6832 | D:7      | Noticed a tengu warrior
  6848 | D:7      | Killed a tengu warrior
  6849 | D:7      | Reached skill level 5 in Invocations
  6849 | D:7      | Reached XP level 10. HP: 57/91 MP: 0/2
  7213 | D:8      | Reached ** piety under Makhleb
  7270 | D:8      | Reached skill level 8 in Axes
  7449 | D:8      | Noticed a two-headed ogre
  7467 | D:8      | Killed a two-headed ogre
  7769 | D:8      | Found a shimmering blue altar of Sif Muna.
  7940 | D:8      | Reached *** piety under Makhleb
  7941 | D:8      | Reached skill level 9 in Axes
  8117 | D:9      | Noticed a two-headed ogre
  8144 | D:9      | Killed a two-headed ogre
  8204 | D:9      | Noticed Maurice
  8273 | D:9      | Killed Maurice
  8274 | D:9      | Reached XP level 11. HP: 92/99 MP: 2/2
  8695 | D:10     | Entered Level 10 of the Dungeon
  8698 | D:10     | Noticed Maggie
  8712 | D:10     | Killed Maggie
  8827 | D:10     | Noticed a two-headed ogre
  8839 | D:10     | Killed a two-headed ogre
  9288 | D:10     | Reached **** piety under Makhleb
  9512 | D:11     | Found a gate leading to a gauntlet.
  9512 | D:11     | Noticed a two-headed ogre
  9519 | Gauntlet | Entered a Gauntlet
  9519 | Gauntlet | Found a transporter.
  9519 | Gauntlet | Found a transporter.
  9520 | Gauntlet | Noticed a death scarab
  9529 | Gauntlet | Found a transporter.
  9532 | Gauntlet | Found a transporter.
  9540 | Gauntlet | Found a transporter.
  9546 | Gauntlet | Found a transporter.
  9551 | Gauntlet | Found a transporter.
  9551 | Gauntlet | Noticed a fire crab
  9569 | Gauntlet | Found a transporter.
  9586 | Gauntlet | Found a transporter.
  9589 | Gauntlet | Found a transporter.
  9593 | Gauntlet | Noticed a tengu warrior
  9599 | Gauntlet | Found a transporter.
  9602 | Gauntlet | Found a transporter.
  9750 | Gauntlet | Killed a tengu warrior
  9815 | Gauntlet | Got a smoking helmet
  9820 | Gauntlet | Identified the +1 helmet of Tafuos {Int+5} (You found it in
                  | a Gauntlet)
  9856 | Gauntlet | Noticed a minotaur
  9890 | Gauntlet | Killed a minotaur
 10080 | D:11     | Killed a two-headed ogre
 10081 | D:11     | Reached skill level 10 in Invocations
 10113 | D:11     | Reached skill level 10 in Axes
 10164 | D:11     | Noticed a tengu warrior
 10204 | D:11     | Killed a tengu warrior
 10205 | D:11     | Reached XP level 12. HP: 98/103 MP: 2/2
 10572 | D:11     | Noticed a two-headed ogre
 10585 | D:11     | Killed a two-headed ogre
 10729 | D:11     | Noticed Erolcha
 10752 | D:11     | Killed Erolcha
 10762 | D:11     | Found a staircase to the Lair.
 11161 | Lair:1   | Entered Level 1 of the Lair of Beasts
 11204 | Lair:1   | Noticed a four-headed hydra
 11211 | Lair:1   | Killed a one-headed hydra
 11291 | Lair:1   | Reached ***** piety under Makhleb
 11299 | Lair:1   | Got a distressingly furry helmet
 11309 | Lair:1   | Identified the +0 helmet of Cupsyss {Dex+2} (You found it
                  | on level 1 of the Lair of Beasts)
 11470 | Lair:1   | You fall into a shaft and drop 1 floor!
 11588 | Lair:2   | Noticed a queen ant
 11618 | Lair:2   | Killed a queen ant
 11632 | Lair:2   | Reached skill level 11 in Axes
 11665 | Lair:2   | Reached skill level 10 in Shields
 12219 | Lair:1   | Noticed an eight-headed hydra
 12284 | Lair:1   | Killed a four-headed hydra
 13045 | Lair:3   | Noticed a catoblepas
 13067 | Lair:3   | Killed a catoblepas
 13184 | Lair:3   | Reached XP level 13. HP: 117/117 MP: 2/2
 13187 | Lair:3   | Found a staircase to the Swamp.
 14074 | Lair:4   | Found a hole to the Spider Nest.
 14390 | Lair:4   | Reached skill level 10 in Evocations
 14905 | Lair:5   | Reached ****** piety under Makhleb
 14913 | Lair:5   | Reached skill level 12 in Axes
 14970 | Lair:5   | Found a staircase to the Slime Pits.
 14971 | Lair:5   | Found a viscous altar of Jiyva.
 15653 | Lair:6   | Entered Level 6 of the Lair of Beasts
 15808 | Lair:6   | Found a basalt altar of Yredelemnul.
 15858 | Lair:6   | Gained mutation: You resist negative energy. (rN+) [Deep
                  | Dwarf growth]
 15858 | Lair:6   | Reached XP level 14. HP: 107/127 MP: 1/1
 17054 | Lair:6   | Reached skill level 13 in Axes
 17533 | Lair:6   | Found a basalt altar of Yredelemnul.
 18117 | Lair:6   | Got a jewelled chain mail
 18127 | Lair:6   | Identified the cursed +1 chain mail of Pragmatism {*Drain
                  | +Fly rPois Int+2} (You found it on level 6 of the Lair of
                  | Beasts)
 18376 | D:12     | Reached skill level 10 in Armour
 18397 | D:12     | Found a flagged portal.
 18407 | Bailey   | Entered a bailey
 18670 | Bailey   | Noticed an orc warlord
 18718 | Bailey   | Mangled by an orc warlord

Illustrated notes

Levels and vault maps discovered:
D:1:      shiori_arrival_elements, layout_basic
D:2:      layout_rooms
D:3:      layout_loops_ring
D:4:      layout_layer_cave, kennysheep_generic_room_4, uniq_sigmund
D:5:      layout_basic, minmay_temple_entry_drinking_statues,
          skrybe_limestone_x, uniq_prince_ribbit1, uniq_ijyb, uniq_eustachio,
          uniq_edmund
D:6:      layout_gridville, minmay_misc_feat_alley
D:7:      minmay_the_grid_plus [minmay_the_grid_square_x, minmay_the_grid_mess,
          minmay_the_grid_broken_lines, minmay_the_grid_fan,
          minmay_the_grid_prize_diamond_cup], layout_basic, serial_shops, shop,
          uniq_pikel
D:8:      layout_basic, led_sif_book, grunt_livestock
D:9:      layout_roguey, nrook_loot_triangle, uniq_maurice
D:10:     layout_roguey, uniq_maggie
D:11:     kennysheep_blocky_room, layout_loops_corners, david_lair_generic,
          gauntlet_entry_generic, uniq_erolcha
D:12:     layout_loops_corners, erik_orc_3, serial_shops, kennysheep_mini,
          enter_bailey_4, basic_altar, nicolae_transmutations_shop, wad_hexagon
Temple:   regret_index_temple_sigil_plot
Lair:1:   beast_lair_carwin_large_1, layout_gridlike
Lair:2:   layout_cave_pods, minivault_29, grunt_megastairs_5
Lair:3:   layout_cave_pods, skrybe_swamp_entry_bodies, serial_rivers,
          chequers_serial_rivers_micro_e, chequers_serial_rivers_small_a,
          chequers_serial_rivers_micro_b, chequers_serial_rivers_small_3,
          chequers_serial_rivers_micro_a, minivault_24
Lair:4:   layout_small_grid, spider_nest_entry_rubble, serial_bayou,
          serial_bayou_shore_a, serial_bayou_lake_a, serial_bayou_ford_a,
          serial_bayou_pond_d, serial_bayou_pond_b, beast_lair_carwin_6
Lair:5:   layout_gridlike, slime_altar_1, minivault_19,
          infiniplex_staircase_pool_2
Lair:6:   due_jungle_book, layout_gridlike, basic_altar
Bailey:   bailey_axe_minmay_hex_keep, bailey

Skill      XL: |  1  2  3  4  5  6  7  8  9 10 11 12 13 14 |
---------------+-------------------------------------------+-----
Fighting       | 1 3 4 5 6 7 8 9 |  9.1
Hexes          | 3 |  3.0
Axes           | 2 3 5 7 9 10 11 12 13 | 13.1
Armour         | 1 2 3 5 6 7 8 9 10 | 10.0
Dodging        | 3 4 5 6 7 8 9 |  9.9
Evocations     | 5 10 | 10.0
Shields        | 5 7 8 10 11 12 | 12.3
Invocations    | 5 10 | 10.4
Crossbows      | |  2.1
Spellcasting   | |  1.1

Action                   |  1- 3 |  4- 6 |  7- 9 | 10-12 | 13-15 || total
-------------------------+-------+-------+-------+-------+-------++-------
Melee: Unarmed           |    42 |       |       |       |       ||    42
       Short sword       |    62 |    44 |       |       |       ||   106
       Hand axe          |       |   231 |   621 |   505 |       ||  1357
       War axe           |       |       |       |   666 |   618 ||  1284
       Double sword      |       |       |       |    10 |    22 ||    32
 Fire: Hand crossbow     |    12 |     6 |     2 |       |       ||    20
Throw: Stone             |    20 |    16 |       |       |       ||    36
Invok: Minor Destruction |       |       |       |     1 |       ||     1
       Major Destruction |       |       |       |     1 |     1 ||     2
       Greater Servant o |       |       |       |       |     3 ||     3
 Abil: Heal Wounds       |     1 |     6 |    37 |    30 |     7 ||    81
Evoke: Wand              |       |       |     7 |    12 |     9 ||    28
       Lightning rod     |       |       |       |       |     4 ||     4
       Phantom mirror    |       |       |       |       |     1 ||     1
  Use: Scroll            |     2 |     8 |     3 |    11 |     6 ||    30
       Potion            |       |     1 |     5 |     3 |    12 ||    21
 Stab: Invisible         |       |       |     5 |     2 |       ||     7
       Paralysed         |       |       |    19 |       |       ||    19
       Petrified         |       |       |       |       |    36 ||    36
       Petrifying        |       |       |       |       |     4 ||     4
       Distracted        |       |       |       |       |     1 ||     1
Armor: Ring mail         |    16 |       |       |       |       ||    16
       Chain mail        |    53 |   151 |       |       |     8 ||   212
       Plate armour      |       |    66 |   409 |   299 |   268 ||  1042
Dodge: Dodged            |    49 |   108 |   297 |   180 |   192 ||   826
Block: Tower shield      |       |       |   183 |  1233 |   858 ||  2274
       Reflection        |       |       |     3 |    15 |     4 ||    22
       Rpst.: Double sword |       |       |       |     1 |     1 ||     2

Table legend: (Time is in decaauts)
 A = Elapsed time spent in this place.
 B = Non-inter-level travel time spent in this place.
 C = Inter-level travel time spent in this place.
 D = Time resting spent in this place.
 E = Time spent auto-exploring this place.
 F = Levels seen in this place.
 G = Mean time per level.
                   A        B        C        D        E       F      G
               +--------+--------+--------+--------+--------+-----+--------+
         Total |  18885 |  18015 |    870 |    808 |  12107 |  21 |  899.3 |
       Dungeon |  10466 |  10002 |    464 |    381 |   6677 |  12 |  872.2 |
        Temple |    294 |    263 |     31 |      0 |    238 |   1 |  294.0 |
          Lair |   7282 |   6907 |    375 |    260 |   4944 |   6 | 1213.7 |
        Bailey |    301 |    301 |      0 |      0 |    114 |   1 |  301.0 |
      Gauntlet |    540 |    540 |      0 |    166 |    134 |   1 |  540.0 |
               +--------+--------+--------+--------+--------+-----+--------+

Top non-repeatable levels by time:
  Lair:6: 2508 daAuts
     D:1: 1544 daAuts
  Lair:4: 1295 daAuts
    D:11: 1164 daAuts
     D:5: 1082 daAuts
     D:4: 1078 daAuts
  Lair:2: 986 daAuts
     D:6: 978 daAuts
     D:7: 914 daAuts
  Lair:1: 860 daAuts
     D:3: 851 daAuts
  Lair:5: 842 daAuts
  Lair:3: 790 daAuts
    D:10: 781 daAuts
     D:8: 765 daAuts
